 Dungeon Crawl Stone Soup version 0.29.0-4-gdea44cf6ec (webtiles) character file.

Game seed: 10337809567588569383

56 qw the Chopper (level 3, -7/21 HPs)
             Began as a Tengu Warper on Aug 28, 2022.
             Mangled by Natasha (8 damage)
             ... on level 2 of the Dungeon.
             The game lasted 00:00:11 (2487 turns).

qw the Chopper (Tengu Warper)                       Turns: 2487, Time: 00:00:11

Health: -7/21      AC:  6    Str: 13    XL:     3   Next: 97%
Magic:  7/7        EV:  9    Int: 13    God:
Gold:   89         SH:  0    Dex: 13    Spells: 6/6 levels left

rFire   . . .      SeeInvis .   Y - +0 hand axe
rCold   . . .      Faith    .   (no shield)
rNeg    . . .      Spirit   .   d - +0 scale mail
rPois   .          Reflect  .   (helmet restricted)
rElec   .          Harm     .   (no cloak)
rCorr   .          Rampage  .   (no gloves)
Will    .....                   (boots unavailable)
Stlth   ..........              (no amulet)
HPRegen 0.07/turn               (no ring)
MPRegen 0.10/turn               (no ring)

@: slowed, very slow
A: beak, talons 3
a: no special abilities


You were on level 2 of the Dungeon.
You visited 1 branch of the dungeon, and saw 2 of its levels.

You collected 89 gold pieces.


Innate Abilities, Weirdness & Mutations

You have a beak for a mouth.
You have claws for feet.


   Skills:
 - Level 2.0 Fighting
 + Level 4.5 Axes
 - Level 1.0 Throwing
 - Level 1.1 Armour
 - Level 2.1 Dodging
 - Level 2.0 Spellcasting
 - Level 2.4 Translocations


You had 6 spell levels left.
You didn't know any spells.
Your spell library contained the following spells:

 Spells                   Type           Power      Damage    Failure   Level
 Blink                    Tloc           14%        N/A       56%         2
 Gell's Gravitas          Tloc           7%         N/A       80%         3
 Lesser Beckoning         Tloc           7%         N/A       80%         3
 Teleport Other           Tloc           7%         N/A       80%         3
 Manifold Assault         Tloc           7%         N/A       100%        5

Inventory:

Hand Weapons
 e - a +0 mace
 Y - a +0 hand axe (weapon)
Armour
 c - a +2 hat
 d - a +0 scale mail (worn)
Scrolls
 a - a scroll of teleportation
 b - a scroll of identify {unknown}
 g - a scroll of enchant weapon {unknown}
 h - a scroll of magic mapping {unknown}
Potions
 f - a potion of berserk rage {unknown}
 i - a potion of flight {unknown}
 j - 2 potions of might {unknown}
 k - a potion of degeneration {unknown}
 n - a potion of curing

Dungeon Overview and Level Annotations

Branches:
Dungeon (2/15)

Altars:

Annotations:
D:2 Natasha


Message History

2477 ||| FLEEEEING.
2478 ||| FLEEEEING.
2479 ||| FLEEEEING.
Natasha mumbles some strange words.
Natasha mumbles some strange words.
The crimson imp blinks!
You barely miss the crimson imp.
You claw the crimson imp, but do no damage.
The crimson imp barely misses you.
You hit the crimson imp.
The crimson imp is heavily wounded.
You hit Natasha.
Natasha stares at you and mumbles some strange words.
You feel yourself slow down.
The crimson imp laughs crazily.
The crimson imp hits you but does no damage.
You hit the crimson imp. Your kick misses the crimson imp.
The crimson imp is heavily wounded.
You hit Natasha. Natasha closely misses you. The crimson imp barely misses you.
Natasha barely misses you.
You hit the crimson imp.
The crimson imp is severely wounded.
You closely miss Natasha. The crimson imp barely misses you. Natasha claws you.
The crimson imp hits you. Natasha barely misses you.
You miss the crimson imp.
The crimson imp is severely wounded.
You hit Natasha but do no damage.
The crimson imp hits you but does no damage.
Natasha claws you. The crimson imp barely misses you.
The crimson imp summons a swarm of flies.
You hit the crimson imp. Your kick misses the crimson imp.
The crimson imp is severely wounded.
You hit Natasha but do no damage. Natasha claws you.
The crimson imp blinks!
Natasha mumbles some strange words.
Natasha glows brightly for a moment.
Natasha claws you!
You die...

##############.#.....#.#.#
.............#.#######.#.#
#########......#.......#.#
...............#.......#.#
######.........#..####.#.#
.....#.........#..# #.#.#
.....#.........#..# #.#.#
.....#.........#..# #.#
...............#@.# #.#
...........#+#.#5h# .#
....#.....%#.#.#..# #
....#......#.#.#..# #.#
#+#......#%#.#.#..# .. #
#......#.#.#...5#.####. #
#......#.............h. #
#......#....#.############
..............+>...........#


You could see Natasha and 2 crimson imps.

Vanquished Creatures
  2 adders (D:2)
  2 worms (D:2)
  5 ball pythons
  4 endoplasms
  3 goblins
  5 hobgoblins
  3 kobolds
  A quokka (D:1)
  2 bats
  3 frilled lizards (D:1)
  2 rats
32 creatures vanquished.

Vanquished Creatures (others)
  A plant (D:1)
1 creature vanquished.

Grand Total: 33 creatures vanquished

Notes
Turn   | Place    | Note
-------+----------+-------------------------------------------
     0 | D:1      | qw the Tengu Warper began the quest for the Orb.
     0 | D:1      | Reached XP level 1. HP: 12/12 MP: 4/4
     0 | D:1      | 0 ||| qw: Version: 0.1-a-89-g26bdef1
     0 | D:1      | 0 ||| qw: Game counter: 2166
     0 | D:1      | 0 ||| qw: Always use a shield: true
     0 | D:1      | 0 ||| qw: God list: Okawaru
     0 | D:1      | 0 ||| qw: Allow faded altars: false
     0 | D:1      | 0 ||| qw: Do Orc after D:15 true
     0 | D:1      | 0 ||| qw: Do second Lair branch before Depths: true
     0 | D:1      | 0 ||| qw: Lair rune preference: random
     0 | D:1      | 0 ||| qw: Plans: Normal
     0 | D:1      | 0 ||| PLANNING D:1-11
    97 | D:1      | Found a faded altar of an unknown god.
   443 | D:1      | Reached XP level 2. HP: 13/17 MP: 6/6
   653 | D:1      | Reached skill level 3 in Axes
  1382 | D:1      | 1382 ||| UPGRADING to +0 scale mail.
  1392 | D:1      | 1392 ||| DROPPING +0 leather armour.
  1393 | D:1      | 1393 ||| READING scroll labelled YGGUANGIAG.
  1396 | D:1      | 1396 ||| READING scroll labelled INAOTU JOSEM.
  1397 | D:1      | 1397 ||| READING scroll labelled ONYIXZ FULU.
  1398 | D:1      | 1398 ||| READING scroll labelled NOPUSCH YQOENA.
  1521 | D:1      | 1521 ||| READING scroll labelled RINWUZ UTOD.
  1522 | D:1      | 1522 ||| DRINKING 2 white potions.
  1523 | D:1      | 1523 ||| DROPPING scroll of blinking.
  1811 | D:2      | Reached XP level 3. HP: 21/21 MP: 7/7
  2048 | D:2      | Reached skill level 4 in Axes
  2471 | D:2      | Noticed Natasha
  2472 | D:2      | 2472 ||| FLEEEEING.
  2473 | D:2      | 2473 ||| FLEEEEING.
  2477 | D:2      | 2477 ||| FLEEEEING.
  2478 | D:2      | 2478 ||| FLEEEEING.
  2479 | D:2      | 2479 ||| FLEEEEING.
  2487 | D:2      | HP: 1/21 [Natasha (5)]
  2487 | D:2      | Mangled by Natasha

Levels and vault maps discovered:
D:1:      denvon_arrival_planthouse, layout_basic, basic_ecumenical_altar,
          hangedman_feature_mirror, minmay_misc_feat_square
D:2:      layout_basic, uniq_natasha

Skill      XL: |  1  2  3 |
---------------+----------+-----
Axes           | 3 4 |  4.5
Fighting       | |  2.0
Throwing       | |  1.0
Armour         | |  1.1
Dodging        | |  2.1
Spellcasting   | |  2.0
Translocations | |  2.4

Action                   || total
-------------------------++-------
Melee: Hand axe          ||    96
       Kick              ||    18
       Peck              ||    14
       Punch             ||     1
Throw: Boomerang         ||     7
  Use: Scroll            ||     5
       Potion            ||     1
Armor: Leather armour    ||     7
       Scale mail        ||    16
Dodge: Dodged            ||    49

Table legend:
 A = Non-vault XP
 B = Vault XP
 C = Vault XP percentage of total XP
 D = Non-vault monster count
 E = Vault monster count
 F = Vault count percentage of total count
                 A         B        C        D         E       F
            +---------+---------+-------+---------+---------+-------
      Total |      81 |       0 |   0.0 |      32 |       0 |   0.0
            +---------+---------+-------+---------+---------+-------
        D:1 |      25 |       0 |   0.0 |      16 |       0 |   0.0
        D:2 |      56 |       0 |   0.0 |      16 |       0 |   0.0
            +---------+---------+-------+---------+---------+-------
